 Dungeon Crawl Stone Soup version 0.27-a0-869-g165b36e3f0 (webtiles) character file.

Game seed: 10208311911827080074

28 leviel the Skirmisher (level 3, -1/34 HPs)
             Began as a Hill Orc Abyssal Knight on Apr 3, 2021.
             Was a Believer of Lugonu.
             Slain by Terence
             ... wielding a +0 morningstar
              (15 damage)
             ... on level 2 of the Dungeon.
             The game lasted 00:02:20 (1160 turns).

leviel the Skirmisher (Hill Orc Abyssal Knight)     Turns: 1160, Time: 00:02:20

Health: -1/34      AC:  3    Str: 14    XL:     3   Next: 12%
Magic:  5/5        EV: 11    Int: 13    God:    Lugonu [**....]
Gold:   65         SH:  0    Dex: 10    Spells: 2/2 levels left

rFire    . . .     SeeInvis .   a - +1 hand axe
rCold    . . .     Faith    .   (no shield)
rNeg     . . .     Spirit   .   b - +0 leather armour
rPois    .         Reflect  .   (no helmet)
rElec    .         Harm     .   (no cloak)
rCorr    .         Rampage  .   (no gloves)
Will     .....                  (no boots)
Stlth    +.........             (no amulet)
HPRegen  0.11/turn              (no ring)
MPRegen  0.09/turn              (no ring)

@: no status effects
A: no striking features
a: Renounce Religion, Depart the Abyss, Bend Space


You were on level 2 of the Dungeon.
You worshipped Lugonu.
Lugonu was pleased with you.
You visited 1 branch of the dungeon, and saw 2 of its levels.
You visited the Abyss 1 time.

You collected 65 gold pieces.

Inventory:

Hand Weapons
 a - a +1 hand axe (weapon)
Armour
 b - a +0 leather armour (worn)
Scrolls
 c - a scroll of teleportation {unknown}
 d - a scroll of enchant armour {unknown}
 e - a scroll of enchant weapon {unknown}
 f - a scroll of fog {unknown}


   Skills:
 + Level 4.5 Fighting
 + Level 3.2 Axes
 - Level 2.1 Armour
 - Level 0.7 Dodging
 + Level 3.0 Invocations


You had 2 spell levels left.
You didn't know any spells.
Your spell library was empty.

Dungeon Overview and Level Annotations

Branches:
Dungeon (2/15)

Altars:

Shops:
D:1 [

Annotations:
D:2 Terence


Message History

Done exploring.
Done exploring.
(D) Dungeon
Where to? (? - help)
What level of the Dungeon? (default 1, ? - help)
You see here a giant cockroach corpse.
There is a stone staircase leading down here.
You climb downwards.
A frilled lizard and Terence come into view.
Terence shouts!
The frilled lizard hisses angrily.
Found a scroll labelled KEVVEIZXAY.
There is a stone staircase leading up here.
There are monsters nearby!
You aren't carrying any potions.
There is a stone staircase leading up here.
Okay, then.
Terence barely misses you.
You hit Terence but do no damage. You hit the frilled lizard.
You kill the frilled lizard!
Lugonu accepts your kill. Terence hits you with a +0 morningstar!
You hit Terence but do no damage. Terence hits you with a +0 morningstar!
You are too injured to fight recklessly!
You are too injured to fight recklessly!
You are too injured to fight recklessly!
You are too injured to fight recklessly!
You are too injured to fight recklessly!
You are too injured to fight recklessly!
You are too injured to fight recklessly!
You are too injured to fight recklessly!
You are too injured to fight recklessly!
You are too injured to fight recklessly!
You are too injured to fight recklessly!
You are too injured to fight recklessly!
You are too injured to fight recklessly!
You are too injured to fight recklessly!
You are too injured to fight recklessly!
You are too injured to fight recklessly!
You hit Terence but do no damage. Terence hits you with a +0 morningstar!
You die...

#.#####
......
#....#
#....#
#....#
#...?#
#..†@#
#@# #<#
###


You could see Terence.

Vanquished Creatures
  A dart slug (D:1)
  4 endoplasms (D:1)
  3 giant cockroaches (D:1)
  6 ball pythons (D:1)
  2 bats (D:1)
  2 frilled lizards
  4 kobolds (D:1)
  3 rats (D:1)
25 creatures vanquished.

Notes
Turn   | Place    | Note
-------+----------+-------------------------------------------
     0 | Abyss:1  | leviel the Hill Orc Abyssal Knight began the quest for the
                  | Orb.
     0 | Abyss:1  | Reached XP level 1. HP: 19/19 MP: 2/2
    11 | D:1      | Escaped the Abyss
   131 | D:1      | Reached skill level 4 in Fighting
   216 | D:1      | Reached XP level 2. HP: 19/27 MP: 3/3
   531 | D:1      | Found Ecretz's Antique Armour Shop.
   903 | D:1      | Reached ** piety under Lugonu
  1009 | D:1      | Reached XP level 3. HP: 34/34 MP: 5/5
  1152 | D:2      | Noticed Terence
  1160 | D:2      | Slain by Terence

Illustrated notes

Levels and vault maps discovered:
D:1:      amcnicky_arrival_wind_blow, layout_basic, serial_shops,
          nicolae_shop_statue_plus
D:2:      layout_basic, basic_altar, kennysheep_flooded_box, uniq_terence,
          uniq_robin

Skill      XL: |  1  2  3 |
---------------+----------+-----
Fighting       | 4 |  4.5
Axes           | 3 |  3.2
Invocations    | 3 |  3.0
Armour         | |  2.1
Dodging        | |  0.7

Action                   || total
-------------------------++-------
Melee: Hand axe          ||    66
Armor: Leather armour    ||    23
Dodge: Dodged            ||    33

Table legend: (Time is in decaauts)
 A = Elapsed time spent in this place.
 B = Non-inter-level travel time spent in this place.
 C = Inter-level travel time spent in this place.
 D = Time resting spent in this place.
 E = Time spent auto-exploring this place.
 F = Levels seen in this place.
 G = Mean time per level.
                   A        B        C        D        E       F      G
               +--------+--------+--------+--------+--------+-----+--------+
         Total |   1169 |   1156 |     13 |      0 |    993 |   3 |  389.7 |
       Dungeon |   1158 |   1145 |     13 |      0 |    988 |   2 |  579.0 |
         Abyss |     11 |     11 |      0 |      0 |      5 |   1 |   11.0 |
               +--------+--------+--------+--------+--------+-----+--------+

Top non-repeatable levels by time:
     D:1: 1150 daAuts
 Abyss:1: 11 daAuts
     D:2: 8 daAuts
